 Dungeon Crawl Stone Soup version 0.30-a0-618-gd6c86c23d0 (webtiles) character file.

Game seed: 1713622848111933339

315 drugrobin the Insei (level 5, -4/45 HPs)
             Began as a Demigod Delver on Jan 10, 2023.
             Slain by Crazy Yiuf
             ... wielding a +4 quarterstaff of chaos
              (6 damage)
             ... on level 2 of the Dungeon.
             The game lasted 00:12:58 (4350 turns).

drugrobin the Insei (Demigod Delver)                Turns: 4350, Time: 00:12:58

Health: -4/45      AC:  4    Str: 13    XL:     5   Next: 99%
Magic:  10/10      EV: 12    Int: 12    God:
Gold:   191        SH:  0    Dex: 19    Spells: 3/7 levels left

rFire   + . .      SeeInvis .      - Unarmed
rCold   x . .      Faith    .    (no shield)
rNeg    . . .      Spirit   .    a - +0 leather armour
rPois   .          Reflect  .    (no helmet)
rElec   .          Harm     .    (no cloak)
rCorr   .          Rampage  .    (no gloves)
Will    .....                    r - +0 pair of boots
Stlth   +++                      (no amulet)
HPRegen 0.27/turn                x - ring of fire
MPRegen 0.12/turn                (no ring)

@: lethally poisoned (-4 -> -19)
A: high MP 1, forlorn, divine attributes
a: no special abilities


You were on level 2 of the Dungeon.
You visited 1 branch of the dungeon, and saw 5 of its levels.

You collected 288 gold pieces.
You spent 97 gold pieces at shops.

Inventory:

Hand Weapons
 b - a +0 sling
 s - a +2 long sword of electrocution
 z - a +1 whip of venom
Armour
 a - a +0 leather armour (worn)
 g - a +0 ring mail
 j - a +0 ring mail
 r - a +0 pair of boots (worn)
Jewellery
 x - a ring of fire (left hand)
Wands
 f - a wand of digging (3)
 i - a wand of flame (6)
Scrolls
 d - a scroll of fog
 n - 2 scrolls of immolation {unknown}
 o - 2 scrolls of teleportation
 u - a scroll of poison {unknown}
 v - a scroll of fear
 y - a scroll of enchant weapon
 B - a scroll of torment {unknown}
Potions
 c - 2 potions of berserk rage
 e - 2 potions of haste
 h - a potion of resistance
 k - 4 potions of mutation
 l - a potion of flight {unknown}
 m - a potion of might
 p - a potion of attraction {unknown}
 q - 3 potions of brilliance
 t - a potion of heal wounds {unknown}
 w - 2 potions of curing {unknown}
 A - 2 potions of invisibility {unknown}


   Skills:
 + Level 3.5 Fighting
 - Level 1.7 Dodging
 - Level 4.5 Stealth
 + Level 5.1 Unarmed Combat
 + Level 1.7 Spellcasting


You had 3 spell levels left.
You knew the following spells:

 Your Spells              Type           Power      Damage    Failure   Level
a - Sting                 Tmut/Pois      4%         1d3       34%         1
b - Summon Small Mammal   Summ           4%         N/A       34%         1
c - Cigotuvi's Dreadful   Necr/Pois/Air  2%         N/A       47%         2

Your spell library contained the following spells:

 Spells                   Type           Power      Damage    Failure   Level
 Apportation              Tloc           2%         N/A       34%         1
 Kiss of Death            Conj/Necr      4%         2d5       34%         1
 Necrotise                Necr           4%         1d4       34%         1
 Poisonous Vapours        Pois/Air       2%         N/A       47%         2
 Confusing Touch          Hex            1%         N/A       71%         3
 Hailstorm                Conj/Ice       1%         3d3       71%         3
 Mephitic Cloud           Conj/Pois/Air  1%         N/A       71%         3
 Dispel Undead            Necr           1%         3d6       98%         4
 Ice Form                 Ice/Tmut       1%         N/A       98%         4
 Olgreb's Toxic Radiance  Pois           1%         N/A       98%         4
 Simulacrum               Ice/Necr       0%         N/A       100%        6


Dungeon Overview and Level Annotations

Branches:
Dungeon (5/15)
 Temple: D:4-7

Shops:
D:4 ?

Annotations:
D:2 Crazy Yiuf, Terence
D:4 exclusion: ogre
D:5 exclusion: iguana


Innate Abilities, Weirdness & Mutations

You have an increased reservoir of magic. (+10% MP)
You shall have no god before yourself.
Your divine heritage dramatically boosts your attributes as you level up.


Message History

Could not explore, unopened runed door.
Unknown command.
Unknown command.
Okay, then.
You open the door.
Crazy Yiuf grits, "Key koolooloo ena!"
Aiming: Throw Flame
Press: ? - help, Shift-Dir - straight line, f - Crazy Yiuf
Aim: Crazy Yiuf, wielding a +4 quarterstaff of chaos and wearing a +1 cloak of poison resistance (72% to hit)
The puff of flame hits Crazy Yiuf!
Crazy Yiuf is heavily wounded.
Crazy Yiuf hits you with a +4 quarterstaff of chaos!
You are poisoned.
Unknown command.
Aiming: Throw Flame
Press: ? - help, Shift-Dir - straight line, f/p - Crazy Yiuf
Aim: Crazy Yiuf, wielding a +4 quarterstaff of chaos and wearing a +1 cloak of poison resistance (heavily wounded, 72% to hit)
The puff of flame hits Crazy Yiuf but does no damage.
Crazy Yiuf is heavily wounded.
You feel very sick.
Crazy Yiuf hits you with a +4 quarterstaff of chaos!
Unknown command.
Aiming: Throw Flame
Press: ? - help, Shift-Dir - straight line, f/p - Crazy Yiuf
Aim: Crazy Yiuf, wielding a +4 quarterstaff of chaos and wearing a +1 cloak of poison resistance (heavily wounded, 72% to hit)
The puff of flame hits Crazy Yiuf.
Crazy Yiuf is severely wounded.
You feel very sick.
Crazy Yiuf hits you with a +4 quarterstaff of chaos!
* * * LOW HITPOINT WARNING * * *
You are more poisoned.
Aiming: Throw Flame
Press: ? - help, Shift-Dir - straight line, f/p - Crazy Yiuf
Aim: Crazy Yiuf, wielding a +4 quarterstaff of chaos and wearing a +1 cloak of poison resistance (severely wounded, 72% to hit)
The puff of flame hits Crazy Yiuf.
Crazy Yiuf is severely wounded.
* * * LOW HITPOINT WARNING * * *
You feel very sick.
Crazy Yiuf hits you with a +4 quarterstaff of chaos.
You die...

###### ### ###..#.##
###..)# #.......####@g...#
#........#..##...#
##....#..#.### ###
####....####### ##......#
.#.##...# ############
....)...#######..........#
.#......#................#
........#................#


You could see Crazy Yiuf.

Vanquished Creatures
  A necrophage (D:4)
  A howler monkey (D:4)
  An iguana (D:4)
  Natasha (thrice) (D:3)
  3 adders
  A worm (D:3)
  3 dart slugs
  9 orcs
  5 endoplasms
  2 giant cockroaches
  9 goblins
  7 hobgoblins
  3 jackals (D:4)
  3 quokkas
  6 ball pythons
  2 bats
  4 frilled lizards
  7 kobolds
  8 rats
  A spectral hobgoblin (D:3)
79 creatures vanquished.

Notes
Turn   | Place    | Note
-------+----------+-------------------------------------------
     0 | D:5      | drugrobin the Demigod Delver began the quest for the Orb.
     0 | D:5      | Reached XP level 1. HP: 18/18 MP: 3/3
    29 | D:5      | Noticed a wight
    90 | D:5      | Noticed an iguana
    96 | D:5      | Identified the +3 scimitar "Kinuja" {heavy, rElec}
    96 | D:5      | Noticed a gnoll bouda
   290 | D:5      | Reached skill level 2 in Unarmed Combat
   379 | D:4      | Noticed a necrophage
   403 | D:4      | Killed a necrophage
   404 | D:4      | Reached skill level 3 in Unarmed Combat
   404 | D:4      | Reached XP level 2. HP: 13/25 MP: 4/4
   404 | D:4      | Reached XP level 3. HP: 16/30 MP: 5/5
   513 | D:4      | Reached skill level 4 in Unarmed Combat
   884 | D:2      | Reached XP level 4. HP: 29/37 MP: 6/6
  1037 | D:2      | Learned a level 1 spell: Sting
  2181 | D:2      | Found a runed translucent door.
  2182 | D:2      | Noticed Crazy Yiuf
  2262 | D:2      | Noticed Terence
  2646 | D:3      | Noticed Natasha
  2690 | D:4      | Reached XP level 5. HP: 38/45 MP: 6/8
  2898 | D:4      | Reached skill level 1 in Spellcasting
  2943 | D:4      | Found The Oracle's Delphic Readings.
  2963 | D:4      | Learned a level 1 spell: Summon Small Mammal
  2966 | D:4      | Learned a level 2 spell: Cigotuvi's Dreadful Rot
  3108 | D:4      | Bought a scroll of enchant weapon for 97 gold pieces
  3119 | D:4      | Noticed an ogre
  3932 | D:3      | Killed Natasha
  3933 | D:3      | Reached skill level 5 in Unarmed Combat
  4072 | D:3      | Noticed Natasha
  4085 | D:3      | Killed Natasha
  4242 | D:3      | Noticed Natasha
  4251 | D:3      | Killed Natasha
  4350 | D:2      | HP: 2/45 [poisoned by Crazy Yiuf]
  4350 | D:2      | Slain by Crazy Yiuf

Illustrated notes

Levels and vault maps discovered:
D:1:      giann_bridges, layout_basic
D:2:      layout_rooms, minmay_pentomino_s2, uniq_crazy_yiuf_cottage,
          uniq_terence
D:3:      layout_basic, okawaru_trees_1,
          dreamdust_ecumenical_altar_drowned_temple, dreamdust_wishing_well,
          kennysheep_minor_cross, minmay_starry_boxes, uniq_natasha
D:4:      layout_basic, mainiacjoe_overflow_six_doors_small,
          nicolae_nh_oracle_at_delphi
D:5:      layout_basic, kennysheep_windowed_goal

Skill      XL: |  1  2  3  4  5 |
---------------+----------------+-----
Unarmed Combat | 3 4 5 |  5.1
Fighting       | 3 |  3.5
Spellcasting   | 1 |  1.7
Dodging        | |  1.7
Stealth        | |  4.5

Action                   |  1- 3 |  4- 6 || total
-------------------------+-------+-------++-------
Melee: Unarmed           |    57 |   140 ||   197
       Punch             |     1 |     6 ||     7
 Fire: Sling             |     6 |    26 ||    32
 Cast: Sting             |       |     9 ||     9
Evoke: Wand              |    10 |    15 ||    25
  Use: Scroll            |     4 |     3 ||     7
 Stab: Sleeping          |     2 |     6 ||     8
Armor: Leather armour    |     3 |    21 ||    24
       Ring mail         |     4 |     8 ||    12
Dodge: Dodged            |    20 |    79 ||    99

Table legend: (Time is in decaauts)
 A = Elapsed time spent in this place.
 B = Non-inter-level travel time spent in this place.
 C = Inter-level travel time spent in this place.
 D = Time resting spent in this place.
 E = Time spent auto-exploring this place.
 F = Levels seen in this place.
 G = Mean time per level.
                   A        B        C        D        E       F      G
               +--------+--------+--------+--------+--------+-----+--------+
         Total |   4359 |   4150 |    209 |    293 |   2725 |   5 |  871.8 |
       Dungeon |   4359 |   4150 |    209 |    293 |   2725 |   5 |  871.8 |
               +--------+--------+--------+--------+--------+-----+--------+

Top non-repeatable levels by time:
     D:4: 1404 daAuts
     D:1: 1021 daAuts
     D:3: 1014 daAuts
     D:2: 643 daAuts
     D:5: 275 daAuts
